 Dungeon Crawl Stone Soup version 0.28.0-49-g6dfe1f597d (webtiles) character file.

Game seed: 9639411831857681762

76 Atelerd the Digger (level 4, -1/29 HPs)
             Began as an Octopode Earth Elementalist on May 15, 2022.
             Slain by a hound (3 damage)
             ... on level 3 of the Dungeon.
             The game lasted 00:01:45 (1737 turns).

Atelerd the Digger (Octopode Earth Elementalist)    Turns: 1737, Time: 00:01:46

Health: -1/29      AC:  1    Str:  7    XL:     4   Next: 32%
Magic:  8/8        EV: 13    Int: 19    God:
Gold:   100        SH:  0    Dex: 12    Spells: 7/8 levels left

rFire   . . .      SeeInvis .   f - +0 short sword
rCold   . . .      Faith    .   (no shield)
rNeg    . . .      Spirit   .   (helmet restricted)
rPois   .          Reflect  .   (no amulet)
rElec   .          Harm     .   (no ring)
rCorr   .          Rampage  .   (no ring)
Will    .....                   (no ring)
Stlth   +++.......              (no ring)
HPRegen 0.09/turn               (no ring)
MPRegen 0.11/turn               (no ring)
                                (no ring)
                                (no ring)

@: brilliant, about to teleport
A: almost no armour, amphibious, 8 rings, camouflage 1, gelatinous body 1,
(nimble swimmer 1), tentacles, tentacle spike 1, robust 1
a: no special abilities


You were on level 3 of the Dungeon.
You visited 1 branch of the dungeon, and saw 3 of its levels.

You collected 100 gold pieces.

Inventory:

Hand Weapons
 f - a +0 short sword (weapon)
Missiles
 g - 3 boomerangs of dispersal
Scrolls
 d - 3 scrolls of identify {unknown}
 h - a scroll of enchant armour {unknown}


   Skills:
 - Level 0.2 Fighting
 - Level 2.0 Dodging
 - Level 2.6 Stealth
 + Level 2.7 Spellcasting
 + Level 2.1 Transmutations
 + Level 3.9 Earth Magic


You had 7 spell levels left.
You knew the following spells:

 Your Spells              Type           Power      Damage    Failure   Level
a - Sandblast             Erth           52%        2d12      3%          1

Your spell library contained the following spells:

 Spells                   Type           Power      Damage    Failure   Level
 Passwall                 Tmut/Erth      17%        N/A       7%          2
 Stone Arrow              Conj/Erth      30%        3d8       21%         3
 Petrify                  Tmut/Erth      21%        N/A       41%         4


Dungeon Overview and Level Annotations

Branches:
Dungeon (3/15)

Altars:


Innate Abilities, Weirdness & Mutations

You cannot wear most types of armour.
You are amphibious.
You can wear up to eight rings at the same time.
Your skin changes colour to match your surroundings (Stealth+).
Your rubbery body absorbs attacks. (AC +1, EV +1)
((You are camouflaged when in or above water. (Stealth+)))
You have tentacles for arms and can constrict up to eight enemies at once.
One of your tentacles bears a spike.
You are robust. (+10% HP)


Message History

A worm is nearby!
A kobold comes into view. It is wielding a +0 club.
You see here a quokka corpse.
There are monsters nearby!
A hound comes into view.
There are monsters nearby!
There are monsters nearby!
The helpless worm fails to defend itself.
You hit the worm. You grab the worm.
The worm is moderately wounded.
You constrict the worm.
The kobold shouts!
The kobold throws a stone.
The stone hits you. The worm bites you!
You hit the worm.
The worm is moderately wounded.
You constrict the worm. The hound bites you. x2
The worm bites you but does no damage.
Unknown command.
You release your grip on the worm.
The hound bites you.
You aren't carrying any items that you can evoke.
It was a potion of mutation.
You feel extremely strange.
One of your lower tentacles grows a sharp spike.
You feel robust. The hound misses you. The kobold hits you but does no damage.
The hound bites you.
* * * LOW HITPOINT WARNING * * *
It was a potion of brilliance.
You feel clever all of a sudden. The kobold misses you. The hound bites you.
* * * LOW HITPOINT WARNING * * *
You aren't carrying any potions.
Unknown command.
As you read the scroll labelled MEUMYTHRAYG, it crumbles to dust.
You feel strangely unstable.
It was a scroll of teleportation.
The hound closely misses you. The kobold barely misses you.
The hound bites you.
* * * LOW HITPOINT WARNING * * *
The hound bites you.
You die...

#. #.##.##...........
# #.##.....#........
#+##.)...#........
..........#......#
..........#......###
.........(..........#
.........##†........#
.......####.Kw......#
....... #@h.......#
...... #.........#
.... #.........#
#.........#
###########


You could see a worm, a hound and a kobold.

Vanquished Creatures
  Jessica (D:3)
  A gnoll (D:2)
  An adder (D:3)
  A dart slug (D:1)
  4 ball pythons
  2 bats (D:1)
  An endoplasm (D:1)
  3 hobgoblins (D:1)
  4 quokkas
  3 frilled lizards (D:1)
  4 kobolds
  7 rats (D:1)
32 creatures vanquished.

Notes
Turn   | Place    | Note
-------+----------+-------------------------------------------
     0 | D:1      | Atelerd the Octopode Earth Elementalist began the quest for
                  | the Orb.
     0 | D:1      | Reached XP level 1. HP: 11/11 MP: 3/3
   362 | D:1      | Reached XP level 2. HP: 16/17 MP: 1/5
   960 | D:1      | Reached XP level 3. HP: 21/21 MP: 4/6
  1625 | D:3      | Noticed Jessica
  1632 | D:3      | Killed Jessica
  1633 | D:3      | Reached XP level 4. HP: 27/27 MP: 6/8
  1733 | D:3      | Gained mutation: One of your tentacles bears a spike.
                  | [potion of mutation]
  1733 | D:3      | Gained mutation: You are robust. (+10% HP) [potion of
                  | mutation]
  1737 | D:3      | Slain by a hound

Illustrated notes

Levels and vault maps discovered:
D:1:      onia_arrival_mini_maze, layout_loops_ring, minmay_fountain_box,
          minmay_unequal
D:2:      layout_basic, basic_ecumenical_altar
D:3:      layout_basic, gammafunk_ghost_cemetery, serial_shops,
          nicolae_square_shop, hangedman_glass_teeth, uniq_jessica

Skill      XL: |  1  2  3 |
---------------+----------+-----
Transmutations | 2 |  2.1
Fighting       | |  0.2
Dodging        | |  2.0
Stealth        | |  2.6
Spellcasting   | |  2.7
Earth Magic    | |  3.9

Action                   |  1- 3 |  4- 6 || total
-------------------------+-------+-------++-------
Melee: Unarmed           |    12 |       ||    12
       Constrict         |     6 |     2 ||     8
       Tentacles         |     5 |       ||     5
       Short sword       |     3 |     6 ||     9
Throw: Boomerang         |     1 |       ||     1
 Cast: Sandblast         |    31 |     2 ||    33
  Use: Potion            |       |     2 ||     2
       Scroll            |       |     1 ||     1
 Stab: Sleeping          |     1 |     1 ||     2
Armor: Skin              |       |     2 ||     2
Dodge: Dodged            |    14 |     7 ||    21
